 Dungeon Crawl Stone Soup version 0.30.1-11-g7821555f0a (webtiles) character file.

Game seed: 15027338418806305248

386 Peloso the Slasher (level 6, -1/58 HPs)
             Began as a Minotaur Fighter on Dec 23, 2023.
             Killed by divine providence
             ... invoked by an orc priest
              (14 damage)
             ... on level 4 of the Dungeon.
             The game lasted 00:04:54 (2357 turns).

Peloso the Slasher (Minotaur Fighter)               Turns: 2357, Time: 00:04:55

Health: -1/58      AC: 12    Str: 21    XL:     6   Next: 48%
Magic:  5/5        EV:  9    Int:  5    God:
Gold:   206        SH: 10    Dex: 11    Spells: 5/5 levels left

rFire   . . .        a - +0 long sword
rCold   . . .        d - +0 buckler
rNeg    . . .        c - +1 chain mail
rPois   .            (helmet restricted)
rElec   .            (no cloak)
rCorr   .            (no gloves)
SInv    .            (no boots)
Will    .....        r - amulet of reflection Stlth
                     (no ring)
HPRegen 0.29/turn    (no ring)
MPRegen 0.09/turn

%: reflection
@: no status effects
A: horns 2, retaliatory headbutt, iridescent scales 1, robust 1, sturdy frame 1
a: no special abilities


You were on level 4 of the Dungeon.
You visited 1 branch of the dungeon, and saw 4 of its levels.

You collected 206 gold pieces.

Inventory:

Hand Weapons
 a - a +0 long sword (weapon)
Armour
 b - a +0 scale mail
 c - a +1 chain mail (worn)
 d - a +0 buckler (worn)
Jewellery
 m - a ring of magical power
 n - a ring of poison resistance
 r - an amulet of reflection (around neck)
Wands
 q - a wand of paralysis (10)
Scrolls
 j - a scroll of teleportation
 k - a scroll of torment {unknown}
 l - a scroll of fear {unknown}
 o - 2 scrolls of immolation {unknown}
Potions
 e - a potion of invisibility {unknown}
 f - 3 potions of heal wounds
 g - 2 potions of degeneration {unknown}
 h - 2 potions of might
 i - a potion of mutation
 p - 2 potions of ambrosia {unknown}


   Skills:
 + Level 4.6 Fighting
 + Level 6.1 Long Blades
 + Level 5.3 Armour
 + Level 0.5 Dodging
 + Level 4.5 Shields


You had 5 spell levels left.
You didn't know any spells.
Your spell library was empty.

Dungeon Overview and Level Annotations

Branches:
Dungeon (4/15)
 Temple: D:4-7

Altars:
Ashenzari
Makhleb


Innate Abilities, Weirdness & Mutations

You have a pair of horns on your head.
You reflexively headbutt those who attack you in melee.
You are partially covered in iridescent scales. (AC +2)
You are robust. (+10% HP)
Your movements are slightly less encumbered by armour. (ER -2)


Message History

The orc priest miscasts a cantrip.
The orc priest hits you but does no damage.
You hit the orc priest. You headbutt the orc priest.
You kill the orc priest!
The orc priest invokes the aid of Beogh against you.
Beogh smites you!
You closely miss the orc priest. Your headbutt misses the orc priest.
The orc priest barely misses you.
You barely miss the orc priest.
The orc priest invokes the aid of Beogh against you.
Pain shoots through your body!
* * * LOW HITPOINT WARNING * * *
It was a potion of heal wounds.
You feel much better. The orc priest barely misses you.
You closely miss the orc priest.
Unknown command.
You closely miss the orc priest. Your headbutt misses the orc priest.
You block the orc priest's attack. x2
The orc priest calls down the wrath of Beogh upon you.
Beogh smites you! The orc priest barely misses you.
Unknown command.
The orc priest miscasts a cantrip.
Unknown command.
You closely miss the orc priest. You headbutt the orc priest.
The orc priest is lightly wounded.
The orc priest invokes the aid of Beogh against you.
Beogh smites you!
* * * LOW HITPOINT WARNING * * *
You hit the orc priest. You headbutt the orc priest!
You kill the orc priest!
Your Long Blades skill increases to level 6!
You barely miss the orc priest. You block the orc priest's attack.
You barely miss the orc priest. You headbutt the orc priest.
The orc priest is lightly wounded.
The orc priest casts a cantrip, but nothing happens.
You slash the orc priest!
The orc priest is severely wounded.
The orc priest invokes the aid of Beogh against you.
Beogh smites you!
You die...

#.# ### #.# ..# #.#
#.# #.# #.# ####.#
.######.########....#
......)o>...........#
#o########.#### #@#
#.# #†# #.# #.# #.#
#.# #.# #.########.#
#...)......#
############


You could see an orc priest and an orc.

Vanquished Creatures
  A black bear (D:4)
  A hound (D:4)
  2 orc priests (D:4)
  Jessica (D:3)
  2 iguanas (D:4)
  A gnoll (D:1)
  5 adders
  2 worms (D:2)
  3 dart slugs
  An orc (D:3)
  7 bats
  8 endoplasms
  2 giant cockroaches
  7 goblins
  5 hobgoblins
  2 quokkas
  8 ball pythons
  2 frilled lizards
  2 kobolds
  5 rats
67 creatures vanquished.

Vanquished Creatures (others)
  2 jackals (D:2)
2 creatures vanquished.

Grand Total: 69 creatures vanquished

Notes
Turn   | Place    | Note
-------+----------+-------------------------------------------
     0 | D:1      | Peloso the Minotaur Fighter began the quest for the Orb.
     0 | D:1      | Reached XP level 1. HP: 19/19 MP: 0/0
    24 | D:1      | Reached XP level 2. HP: 21/27 MP: 1/1
   200 | D:1      | Gained mutation: You are partially covered in iridescent
                  | scales. (AC +2) [potion of mutation]
   200 | D:1      | Gained mutation: Your movements are slightly less
                  | encumbered by armour. (ER -2) [potion of mutation]
   200 | D:1      | Gained mutation: You are robust. (+10% HP) [potion of
                  | mutation]
   393 | D:1      | Reached XP level 3. HP: 36/36 MP: 2/2
   615 | D:2      | Reached skill level 3 in Long Blades
   686 | D:2      | Reached XP level 4. HP: 45/45 MP: 3/3
  1284 | D:3      | Found a broken altar of Ashenzari.
  1715 | D:3      | Found a burning altar of Makhleb.
  1874 | D:3      | Noticed Jessica
  1878 | D:3      | Killed Jessica
  1879 | D:3      | Reached skill level 4 in Long Blades
  1879 | D:3      | Reached XP level 5. HP: 51/51 MP: 4/4
  2116 | D:4      | Noticed a black bear
  2135 | D:4      | Killed a black bear
  2136 | D:4      | Reached skill level 5 in Long Blades
  2140 | D:4      | Reached skill level 5 in Armour
  2140 | D:4      | Reached XP level 6. HP: 37/58 MP: 5/5
  2355 | D:4      | Reached skill level 6 in Long Blades
  2357 | D:4      | Killed from afar by an orc priest

Illustrated notes

Levels and vault maps discovered:
D:1:      amcnicky_arrival_underground_garden, layout_rooms
D:2:      layout_basic, minivault_11, dreamdust_wishing_well,
          corexii_leaking_fountain, lemuel_flame_loot_1
D:3:      layout_basic, lightli_temple_of_fire, nicolae_ashenzari_panopticon,
          uniq_jessica
D:4:      layout_loops_ring, mainiacjoe_overflow_catwalk_spiral,
          kennysheep_small_square

Skill      XL: |  1  2  3  4  5  6 |
---------------+-------------------+-----
Shields        | 4 |  4.5
Armour         | 4 5 |  5.3
Fighting       | 4 |  4.6
Long Blades    | 3 4 5 6 |  6.1
Dodging        | |  0.5

Action                     |  1- 3 |  4- 6 || total
---------------------------+-------+-------++-------
  Melee: Long sword        |    40 |   123 ||   163
         Headbutt          |     7 |    17 ||    24
    Use: Potion            |     1 |     1 ||     2
         Scroll            |     2 |       ||     2
 Armour: Scale mail        |     4 |       ||     4
         Chain mail        |    14 |    74 ||    88
  Dodge: Dodged            |    15 |    54 ||    69
  Block: Buckler           |     7 |    40 ||    47
